 Dungeon Crawl Stone Soup version 0.16-a0-4123-g49b462e (console) character file.

254 MrRokkomies the Firebug (level 5, 0/28 HPs)
             Began as a Deep Elf Fire Elementalist on Mar 2, 2015.
             Succumbed to an adder's poison
             ... on level 4 of the Dungeon.
             The game lasted 00:22:21 (2709 turns).

MrRokkomies the Firebug (DEFE)                      Turns: 2709, Time: 00:22:21

Health: 0/28       AC:  4    Str:  5    XL:     5   Next: 90%
Magic:  7/16       EV: 12    Int: 21    God:
Gold:   134        SH:  0    Dex: 15    Spells: 3 memorised, 2 levels left

rFire  + . .     SeeInvis .     f - +0 dagger
rCold  . . .     Clarity  +     g - +1 leather armour {rF+}
rNeg   . . .     SustAb   .     (no shield)
rPois  .         Gourm    .     (no helmet)
rElec  .         Spirit   .     (no cloak)
rCorr  .         Warding  .     (no gloves)
rMut   .         Rnd*Tele +     (no boots)
MR     .....                    d - amulet of clarity
Stlth  ++........               (no ring)
                                h - ring of teleportation (curse)

@: lethally poisoned (0 -> -9), not resistant to hostile enchantments,
unstealthy
A: no striking features
a: Evoke Teleportation


You were on level 4 of the Dungeon.
You were not hungry.

You visited 1 branch of the dungeon, and saw 4 of its levels.

You collected 134 gold pieces.

Inventory:

Hand weapons
 f - a +0 dagger (weapon)
Armour
 g - a +1 leather armour of fire resistance (worn)
Jewellery
 d - an amulet of clarity (around neck)
 h - a cursed ring of teleportation (left hand)
 i - an uncursed amulet of guardian spirit
Scrolls
 l - a scroll of fog
Potions
 k - a potion of might
 m - 2 potions of agility
Books
 b - a book of Flames

   Spells                             Type                      Level
   a - Flame Tongue                   Conjuration/Fire             1
   b - Throw Flame                    Conjuration/Fire             2
   c - Conjure Flame                  Conjuration/Fire             3
   d - Inner Flame                    Hexes/Fire                   3
   e - Sticky Flame                   Conjuration/Fire             4
   f - Fireball                       Conjuration/Fire             5
Comestibles
 a - 2 meat rations
 c - a slice of pizza


   Skills:
 - Level 2.4 Dodging
 - Level 2.4 Stealth
 - Level 3.0 Spellcasting
 * Level 4.6 Conjurations
 * Level 5.6 Fire Magic


You had 2 spell levels left.
You knew the following spells:

 Your Spells              Type           Power        Failure   Level  Hunger
a - Flame Tongue          Conj/Fire      ###..        3%          1    None
b - Conjure Flame         Conj/Fire      ###.....     12%         3    ###....
c - Sticky Flame          Conj/Fire      ###.....     30%         4    ####...


Dungeon Overview and Level Annotations

Branches:
Dungeon (4/15)
 Temple: D:4-7

Altars:
Fedhas
Yredelemnul

Annotations:
D:3 Terence


Message History

Aim: an adder (heavily wounded)
The flame tongue hits the adder.
The adder is almost dead.
The adder barely misses you.
Casting: Flame Tongue
Confirm with . or Enter, or press ? or * to list all spells.
Aiming: Flame Tongue
Press: ? - help, Shift-Dir - straight line, f/p - adder
Aim: an adder (almost dead)
The flame tongue misses the adder.
* * * LOW HITPOINT WARNING * * *
You feel sick. The adder barely misses you.
The crimson imp blinks!
Casting: Flame Tongue
Confirm with . or Enter, or press ? or * to list all spells.
Aiming: Flame Tongue
Press: ? - help, Shift-Dir - straight line, f/p - adder
Aim: an adder (almost dead)
The flame tongue hits the adder.
You kill the adder!
You die...

# ###.# #@..#
............#
###5..ยง.##.#
###.... .#
###.. .# ##..
. #. ..


You could see a crimson imp.

Vanquished Creatures
  Purgy (D:3)
  3 gnolls (D:2)
  5 adders
  A giant mite (D:2)
  A worm (D:2)
  2 giant geckos
  6 bats
  7 giant cockroaches
  10 hobgoblins
  9 jackals
  An ooze (D:1)
  A quokka (D:2)
  2 ball pythons
  5 giant newts
  5 goblins
  6 kobolds
  9 rats
74 creatures vanquished.

Notes
Turn   | Place    | Note
--------------------------------------------------------------
     0 | D:1      | MrRokkomies, the Deep Elf Fire Elementalist, began the quest for the Orb.
     0 | D:1      | Reached XP level 1. HP: 10/10 MP: 5/5
   385 | D:1      | Reached XP level 2. HP: 13/15 MP: 3/8
   750 | D:1      | Reached skill level 4 in Fire Magic
  1003 | D:1      | Reached XP level 3. HP: 12/19 MP: 7/10
  1010 | D:1      | Learned a level 3 spell: Conjure Flame
  1579 | D:2      | Reached XP level 4. HP: 15/24 MP: 7/13
  1971 | D:2      | Reached skill level 5 in Fire Magic
  2104 | D:2      | Reached XP level 5. HP: 18/28 MP: 9/16
  2116 | D:2      | Learned a level 4 spell: Sticky Flame
  2291 | D:2      | Found a blossoming altar of Fedhas.
  2446 | D:2      | Noticed a fire vortex
  2446 | D:2      | Noticed a fire vortex
  2447 | D:2      | Found a basalt altar of Yredelemnul.
  2549 | D:3      | Noticed Purgy
  2564 | D:3      | Killed Purgy
  2683 | D:3      | Noticed Terence
  2708 | D:4      | HP: 1/28 [poisoned by an adder]
  2709 | D:4      | Succumbed to an adder's poison

Action                   |  1- 3 |  4- 6 || total
-------------------------+-------+-------++-------
Melee: Unarmed           |     6 |       ||     6
       Dagger            |    45 |    91 ||   136
 Cast: Flame Tongue      |    66 |    53 ||   119
       Conjure Flame     |       |     2 ||     2
       Sticky Flame      |       |     1 ||     1
  Use: Scroll            |     4 |     4 ||     8
       Potion            |       |     1 ||     1
 Stab: Sleeping          |     2 |     2 ||     4
  Eat: Chunk             |     2 |     2 ||     4
       Bread ration      |       |     1 ||     1
